 Dungeon Crawl Stone Soup version 0.20.1-1-g8b1a95d (webtiles) character file.

78 slep the Ducker (level 4, -4/31 HPs)
             Began as a Demonspawn Wanderer on Oct 22, 2017.
             Killed from afar by an orc wizard (8 damage)
             ... with a magic dart
             ... on level 3 of the Dungeon.
             The game lasted 00:08:36 (1687 turns).

slep the Ducker (Demonspawn Wanderer)               Turns: 1687, Time: 00:08:37

Health: -4/31      AC:  3    Str: 11    XL:     4   Next: 15%
Magic:  4/4        EV: 13    Int: 14    God:
Gold:   101        SH:  0    Dex: 14    Spells: 3/3 levels left

rFire    . . .     SeeInvis .   b - +0 spear
rCold    . . .     Gourm    .   (no shield)
rNeg     . . .     Faith    .   d - +0 robe
rPois    .         Spirit   .   (no helmet)
rElec    .         Reflect  .   (no cloak)
rCorr    .         Harm     .   (no gloves)
MR       .....                  l - +0 pair of boots
Stlth    ++........             (no amulet)
Regen    0.1/turn               (no ring)
MPRegen  0.1/turn               (no ring)

@: no status effects
A: claws 1, powered by death 1
a: no special abilities


You were on level 3 of the Dungeon.
You were hungry.

You visited 1 branch of the dungeon, and saw 3 of its levels.

You collected 101 gold pieces.

Inventory:

Hand Weapons
 b - a +0 spear (weapon)
Armour
 d - a +0 robe (worn)
 l - a +0 pair of boots (worn)
Scrolls
 c - 4 scrolls of teleportation
 e - 2 scrolls of identify {unknown}
 g - 3 scrolls of remove curse {unknown}
 h - a scroll of enchant armour {unknown}
 j - a scroll of random uselessness {unknown}
 k - a scroll of recharging {unknown}
 m - a scroll of fear {unknown}
 n - a scroll of immolation {unknown}
 o - a scroll of noise {unknown}
Books
 a - a book of Battle

   Spells                             Type                      Level
   a - Infusion                       Charms                       1
   b - Shroud of Golubria             Charms/Translocation         2
   c - Song of Slaying                Charms                       2
   d - Spectral Weapon                Hexes/Charms                 3
   e - Regeneration                   Charms/Necromancy            3
Comestibles
 f - 3 bread rations
 i - 2 meat rations


   Skills:
 + Level 0.8 Fighting
 + Level 2.2 Polearms
 + Level 2.9 Dodging
 + Level 1.8 Stealth
   Level 1.0 Shields
   Level 1.7 Charms
   Level 2.6 Transmutations


You had 3 spell levels left.
You didn't know any spells.

Dungeon Overview and Level Annotations

Branches:
Dungeon (3/15)

Altars:
Ashenzari
Kikubaaqudgha
Vehumet
Zin


Innate Abilities, Weirdness & Mutations

You have sharp fingernails.
You regenerate a little health from kills.


Message History

You kill the rat!
You feel sick.
You feel sick.
You feel sick.
You now have 101 gold pieces (gained 28).
You feel sick.
f - 3 bread rations (gained 1)
An orc and an orc wizard come into view.
The orc wizard gestures wildly while chanting.
The orc wizard blinks! 2 orcs come into view.
The orc shouts!
You see here a book of Changes.
You feel sick.
You are no longer poisoned.
The orc wizard gestures wildly while chanting.
The orc wizard blinks!
The orc wizard gestures at you while chanting.
The magic dart hits you!
You die...

................
................
..o....:........
....#.##.#o#### #
# #o#.#######
#.........#
#.........## #
#...........
#.##@..........
#..............
#.####.........##
#..............#
######.#.#######
#<.....#...
############


You could see an orc wizard and an orc.

Vanquished Creatures
  4 adders
  An ooze (D:1)
  A worm (D:2)
  A dart slug (D:1)
  2 leopard geckos
  A giant cockroach (D:1)
  2 goblins (D:1)
  5 hobgoblins
  6 jackals
  3 bats
  3 kobolds
  2 rats
31 creatures vanquished.

Notes
Turn   | Place    | Note
-------+----------+-------------------------------------------
     0 | D:1      | slep the Demonspawn Wanderer began the quest for the Orb.
     0 | D:1      | slep set off with: a book of Battle, a +0 spear, a scroll of teleportation, a +0 robe, a bread ration
     0 | D:1      | Reached XP level 1. HP: 13/13 MP: 1/1
   121 | D:1      | Gained mutation: You regenerate a little health from kills. [demonic ancestry]
   121 | D:1      | Reached XP level 2. HP: 19/19 MP: 2/2
   708 | D:2      | Reached XP level 3. HP: 24/24 MP: 3/3
   942 | D:2      | Found an ancient bone altar of Kikubaaqudgha.
   951 | D:2      | Found a glowing silver altar of Zin.
   960 | D:2      | Found a shattered altar of Ashenzari.
   965 | D:2      | Found a radiant altar of Vehumet.
  1550 | D:2      | Gained mutation: You have sharp fingernails. [demonic ancestry]
  1550 | D:2      | Reached XP level 4. HP: 9/31 MP: 4/4
  1687 | D:3      | Killed from afar by an orc wizard

Skill      XL: |  1  2  3 |
---------------+----------+-----
Dodging        | 2 |  2.9
Polearms       | 2 |  2.2
Fighting       | |  0.8
Stealth        | |  1.8
Shields        | |  1.0
Charms         | |  1.7
Transmutations | |  2.6

Action                   |  1- 3 |  4- 6 || total
-------------------------+-------+-------++-------
Melee: Spear             |   172 |     9 ||   181
  Use: Potion            |     3 |       ||     3
 Stab: Sleeping          |     4 |       ||     4
  Eat: Chunk             |     2 |       ||     2
Armor: Robe              |    23 |     1 ||    24
Dodge: Dodged            |   114 |     6 ||   120
